AoeStats
← DJax

Arabia

509506569Analyzed
1v1 RM · 4d ago on Sep 27, 2026· 71m 9s· 2 players
Game mode
Random Map
Map size
Tiny (2 player)
Population
200
Speed
Normal
Resources
Standard
Victory
Conquest
Starting age
Dark Age
Ending age
Imperial Age
RankedLock teamsTeams togetherTeam positionsShared explorationLock speedFull tech treeHidden civsTurbo modeCheats
Victory
Defeat
🇪🇬 Cumans · Egypt
1046
+15
🇺🇸 Magyars · United States
1029
-15
DJax
6:41 Loom
10:06 Feudal Age
11:11 Double-Bit Axe
19:32 Castle Age
18:02 Fletching
18:53 Padded Archer Armor
20:24 Gold Mining
20:47 Bow Saw
20:21 Horse Collar
23:01 Gold Shaft Mining
22:34 Bodkin Arrow
26:48 Leather Archer Armor
29:06 Ballistics
28:59 Thumb Ring
32:08 Wheelbarrow
31:18 Town Watch
33:23 Hand Cart
36:47 Bloodlines
36:38 Husbandry
39:25 Imperial Age
38:15 Heavy Plow
38:38 Pikeman
39:04 Arson
39:25 Scale Mail Armor
39:30 Corvinian Army
40:10 Bracer
42:07 Parthian Tactics
41:45 Stone Mining
42:55 Recurve Bow
43:24 Scale Barding Armor
44:15 Heavy Cavalry Archer
46:32 Chemistry
46:30 Town Patrol
47:26 Chain Barding Armor
50:47 Ring Archer Armor
50:52 Plate Barding Armor
50:45 Conscription
58:26 Scale Mail Armor
58:46 Elite Magyar Huszar
59:33 Halberdier
61:33 Chain Mail Armor
69:40 Masonry
69:26 Murder Holes
69:37 Siege Engineers
70:15 Arson
LemanRuss
7:53 Loom
9:57 Feudal Age
12:38 Wheelbarrow
12:33 Double-Bit Axe
17:27 Horse Collar
23:20 Castle Age
24:10 Bloodlines
23:22 Light Cavalry
26:34 Scale Barding Armor
28:12 Forging
30:51 Scale Mail Armor
31:13 Chain Barding Armor
32:56 Gold Mining
32:57 Stone Mining
33:39 Steppe Husbandry
38:28 Imperial Age
37:02 Heavy Plow
38:08 Hand Cart
38:31 Hussar
39:59 Iron Casting
41:25 Plate Barding Armor
41:24 Thumb Ring
42:15 Conscription
43:31 Gold Shaft Mining
43:23 Bow Saw
43:27 Fletching
43:40 Padded Archer Armor
44:40 Blast Furnace
44:09 Parthian Tactics
45:28 Elite Kipchak
47:13 Ballistics
47:54 Chemistry
46:56 Bodkin Arrow
47:17 Leather Archer Armor
48:15 Crop Rotation
52:30 Cuman Mercenaries
55:18 Town Watch
59:05 Leather Archer Armor
62:31 Ring Archer Armor
63:40 Two-Man Saw
67:24 Scale Mail Armor
67:28 Squires
67:15 Arson
Connection lost

Rejoining the realm…

Still unreachable

The connection could not be restored.

Session expired

The server has moved on; the page needs a fresh start.